 Dungeon Crawl Stone Soup version 0.29.1-2-gbd0b4ee654 (webtiles) character file.

Game seed: 7657238277621395452

1789 llahlahkje the Cleaver (level 9, -2/70 (74) HPs)
             Began as a Meteoran Fighter on Nov 15, 2022.
             Killed by divine providence
             ... invoked by an orc priest
              (12 damage)
             ... on level 6 of the Dungeon on Nov 16, 2022.
             The game lasted 00:18:11 (2757 turns).

llahlahkje the Cleaver (Meteoran Fighter)           Turns: 2757, Time: 00:18:12

HP:   -2/70 (74)    AC: 11    Str: 24    XL:     9   Next: 54%
MP:   10/10         EV:  9    Int: 12    God:
Gold: 989           SH:  6    Dex: 17    Spells: 8/8 levels left

rFire   . . .      SeeInvis +   s - +5 broad axe (flame)
rCold   . . .      Faith    .   c - +0 buckler
rNeg    . . .      Spirit   .   b - +3 scale mail
rPois   .          Reflect  .   l - +1 hat of the First Growing Ears {rElec Dex+4}
rElec   +          Harm     .   (no cloak)
rCorr   +          Rampage  .   (no gloves)
Will    +....                   (no boots)
Stlth   ..........              (no amulet)
HPRegen 0.21/turn               n - +4 ring of slaying
MPRegen 0.12/turn               m - ring of Pessimism {rCorr Str+3 SInv}

@: glowing, drained
A: sense surroundings 2, otherworldly, glowing, explore regen
a: no special abilities


You were on level 6 of the Dungeon.
You visited 1 branch of the dungeon, and saw 6 of its levels.

You collected 1092 gold pieces.
You spent 103 gold pieces at shops.

Inventory:

Hand Weapons
 a - a +0 war axe of chaos
 r - a +1 vorpal spear
 s - a +5 broad axe of flaming (weapon)
Missiles
 o - 7 poisoned darts (quivered)
Armour
 b - a +3 scale mail (worn)
 c - a +0 buckler (worn)
 h - the +1 leather armour of Summer {rF+++ Int+3 Dex-2}
   (You found it on level 2 of the Dungeon)

   Int:       It affects your intelligence (+3).
   Dex:       It affects your dexterity (-2).
   rF:        It renders you almost immune to fire.
 l - the +1 hat of the First Growing Ears (worn) {rElec Dex+4}
   (You acquired it on level 1 of the Dungeon)

   Dex:       It affects your dexterity (+4).
   rElec:     It insulates you from electricity.
Jewellery
 m - the ring of Pessimism (right hand) {rCorr Str+3 SInv}
   (You acquired it on level 1 of the Dungeon)

   [ring of see invisible]

   Str:       It affects your strength (+3).
   SInv:      It lets you see invisible.
   rCorr:     It protects you from acid and corrosion.
 n - a +4 ring of slaying (left hand)
 p - an amulet of magic regeneration
 q - a ring of protection from cold
 w - a +4 ring of protection
Scrolls
 y - 2 scrolls of magic mapping
 z - a scroll of brand weapon
Potions
 d - 2 potions of might
 e - a potion of invisibility
 f - a potion of curing
 i - a potion of ambrosia
 j - 2 potions of brilliance
 k - 2 potions of magic
 t - a potion of haste {unknown}
 u - a potion of flight {unknown}
 v - a potion of lignification {unknown}
 x - a potion of resistance


   Skills:
 * Level 5.3 Fighting
 + Level 11.4 Axes
 * Level 6.1 Armour
 * Level 5.2 Shields


You had 8 spell levels left.
You didn't know any spells.
Your spell library contained the following spells:

 Spells                   Type           Power      Damage    Failure   Level
 Magic Dart               Conj           0%         1d3       67%         1
 Shock                    Conj/Air       0%         1d3       67%         1
 Searing Ray              Conj           0%         2d4       82%         2
 Portal Projectile        Hex/Tloc       0%         N/A       96%         3
 Swiftness                Air            0%         N/A       96%         3
 Tukima's Dance           Hex            0%         N/A       96%         3
 Airstrike                Air            0%         2d(0-16)  100%        4
 Fulminant Prism          Conj/Hex       0%         3d6       100%        4
 Blade Hands              Tmut           0%         N/A       100%        5


Dungeon Overview and Level Annotations

Branches:
Dungeon (6/15) Zot: 766    Temple (0/1) D:6

Altars:

Shops:
D:4 *?


Innate Abilities, Weirdness & Mutations

You passively map the area around you.
You are easily found by Zot.
You glow in the dark.
You regain HP and MP as you explore.


Message History

Beogh smites you!
* * * LOW HITPOINT WARNING * * *
The orc wizard casts a spell.
The orc wizard flickers and vanishes for a moment.
You are confused.
You feel invigorated. The orc hits you but does no damage.
You're too confused to move!
The orc hits you but does no damage.
You bump into the stone wall.
You feel less invigorated.
You feel less confused. The orc hits you with a +0 mace.
You slash the orc! You burn the orc.
You kill the orc!
The orc priest begins to cast a cantrip, but forgets the words!
You slash the ice beast!
You melt the ice beast!
You kill the ice beast!
Your Armour skill increases to level 6!
You barely miss the orc wizard.
The orc priest looks encouraged for a moment.
The orc wizard hits you but does no damage.
You slash the orc wizard! You burn the orc wizard.
The orc wizard is severely wounded.
The wight hits you but does no damage. The orc wizard misses you.
You slash the orc wizard! You burn the orc wizard.
You kill the orc wizard!
The wight closely misses you. The wight hits you with a +0 halberd.
You feel drained.
* * * LOW HITPOINT WARNING * * *
The orc priest casts a cantrip, but nothing happens.
Items here: )) [ †.
You closely miss the wight. The wight hits you with a +0 halberd.
* * * LOW HITPOINT WARNING * * *
You feel drained.
* * * LOW HITPOINT WARNING * * *
You hit the wight. You burn the wight.
The wight is heavily damaged.
The wight hits you with a +0 halberd!
* * * LOW HITPOINT WARNING * * *
The orc priest mumbles some strange prayers to Beogh against you.
Beogh smites you!
You die...

######.# *,,....+,,,,,,,,+.#.#*,*
.......######.#**,,,,,,,,#.#.#*,#
..............############.#.##.#
......##........................#
########........................#
# ######...)....................#
# #>...........................(.
# *....#...################....##
#####..#...#oooz@........,#......
...........#oo#########'#,#......
........!..#..#,,,,,,,,,*,#......
#.........oo.z#,,,,,,,,,*,#....##
'.......zzo#..#,,,,,,,,,*,*,,,,*,
#......).So#.z#,,,,,,,,,*,*,,,,*,
..######...#..#,,,,,,,,,*,*,,,,*,
#.# #..o#...,,,,,,,,,*,*,,,,*,
#.#****#..z#...P,,,,,,,,*,*,,,,*,


You could see a wight, 2 orc priests and 3 orcs.

Vanquished Creatures
  Pikel (D:5)
  2 ice beasts
  3 ogres
  A phantom (D:5)
  A scorpion (D:4)
  A howler monkey (D:5)
  A jelly (D:6)
  An orc priest (D:4)
  6 hounds
  2 iguanas (D:5)
  Jessica (D:3)
  Natasha (twice) (D:3)
  7 orc wizards
  Robin (D:3)
  4 gnolls (D:2)
  6 adders
  A shadow imp (D:5)
  An ufetubus (D:6)
  4 worms (D:2)
  A dart slug (D:2)
  16 orcs
  4 bats
  4 endoplasms
  3 giant cockroaches
  21 goblins
  19 hobgoblins
  6 quokkas
  3 ball pythons
  3 frilled lizards
  7 kobolds
  3 rats
136 creatures vanquished.

Vanquished Creatures (others)
  A goblin zombie (D:3)
  2 fungi (D:3)
3 creatures vanquished.

Grand Total: 139 creatures vanquished

Notes
Turn   | Place    | Note
-------+----------+-------------------------------------------
     0 | D:1      | llahlahkje the Meteoran Fighter began the quest for the
                  | Orb.
     0 | D:1      | Reached XP level 1. HP: 19/19 MP: 2/2
   199 | D:1      | Reached XP level 2. HP: 15/26 MP: 3/3
   250 | D:1      | Identified 3 scrolls of acquirement
   250 | D:1      | Acquired the ring of Pessimism {rCorr Str+3 SInv}
   253 | D:1      | Acquired a +4 ring of slaying
   257 | D:1      | Acquired the +1 hat of the First Growing Ears {rElec Dex+4}
   334 | D:1      | Found a faded altar of an unknown god.
   488 | D:1      | Glimpsed the power of Zot.
   547 | D:2      | Reached XP level 3. HP: 31/31 MP: 4/4
   562 | D:2      | Identified the +1 leather armour of Summer {rF+++ Int+3
                  | Dex-2}
   642 | D:2      | Reached skill level 3 in Axes
   880 | D:2      | Reached XP level 4. HP: 24/39 MP: 5/5
   920 | D:2      | Reached XP level 5. HP: 12/46 MP: 6/6
   923 | D:2      | Reached skill level 4 in Axes
  1061 | D:2      | Glimpsed the power of Zot.
  1118 | D:3      | Noticed Natasha
  1126 | D:3      | Killed Natasha
  1155 | D:3      | Noticed Jessica
  1155 | D:3      | Noticed Robin
  1159 | D:3      | Killed Jessica
  1160 | D:3      | Reached skill level 5 in Axes
  1160 | D:3      | Reached XP level 6. HP: 52/52 MP: 7/7
  1201 | D:3      | Killed Robin
  1485 | D:3      | Noticed Natasha
  1495 | D:3      | Killed Natasha
  1537 | D:3      | Acquired a +4 broad axe of flaming
  1643 | D:3      | Glimpsed the power of Zot.
  1667 | D:4      | Found Pepa's Magic Scroll Boutique.
  1714 | D:4      | Reached skill level 6 in Axes
  1717 | D:4      | Found Hevurim's General Store.
  1722 | D:4      | Bought a scroll of identify for 28 gold pieces
  1821 | D:4      | Bought a scroll of enchant weapon for 75 gold pieces
  1873 | D:4      | Reached XP level 7. HP: 59/59 MP: 8/8
  2006 | D:4      | Reached skill level 5 in Armour
  2010 | D:4      | Reached skill level 7 in Axes
  2035 | D:4      | Acquired 854 gold pieces
  2128 | D:5      | Entered Level 5 of the Dungeon
  2166 | D:5      | Reached XP level 8. HP: 63/67 MP: 9/9
  2193 | D:5      | Reached skill level 8 in Axes
  2199 | D:5      | Noticed Pikel
  2206 | D:5      | Killed Pikel
  2207 | D:5      | Reached skill level 9 in Axes
  2249 | D:5      | Reached skill level 10 in Axes
  2249 | D:5      | Gained mutation: You passively map the area around you.
                  | [Meteoran growth]
  2249 | D:5      | Reached XP level 9. HP: 70/72 MP: 10/10
  2518 | D:5      | Reached skill level 11 in Axes
  2579 | D:5      | Reached skill level 5 in Fighting
  2663 | D:6      | Reached skill level 5 in Shields
  2738 | D:6      | Found a staircase to the Ecumenical Temple.
  2757 | D:6      | Killed from afar by an orc priest

Illustrated notes

Levels and vault maps discovered:
D:1:      heliophobic_arrival_dark_side_of_the_moon, layout_basic,
          shapermc_ecumenical_altar_mp_vishouse, minmay_hexomino_p4
D:2:      cheibrodos_greedy_goblins, layout_basic, basic_altar,
          minmay_fractal_squares_gapless_5
D:3:      layout_basic, uniq_jessica, uniq_natasha, uniq_crazy_yiuf_cottage,
          uniq_robin
D:4:      layout_rooms, serial_shops, nicolae_shop_hallway_plus, shop,
          minmay_misc_feat_x, grunt_decor_arrowhead, kennysheep_generic_room_10
D:5:      layout_basic, kennysheep_generic_room_3, uniq_pikel
D:6:      layout_basic, mainiacjoe_overflow_24_doors, minmay_temple_entry_trees

Skill      XL: |  1  2  3  4  5  6  7  8  9 |
---------------+----------------------------+-----
Armour         | 4 5 6 |  6.1
Axes           | 3 5 6 7 10 11 | 11.4
Shields        | 4 5 |  5.2
Fighting       | 4 5 |  5.3

Action                   |  1- 3 |  4- 6 |  7- 9 || total
-------------------------+-------+-------+-------++-------
Melee: War axe           |    66 |    93 |       ||   159
       Broad axe         |       |    18 |    90 ||   108
  Use: Scroll            |    13 |     9 |     6 ||    28
       Potion            |       |     2 |     2 ||     4
Armor: Scale mail        |    33 |    75 |    34 ||   142
Dodge: Dodged            |    25 |    80 |    38 ||   143
Block: Buckler           |    12 |    45 |    17 ||    74
